 Dungeon Crawl Stone Soup version 0.26-a0-466-g989023bd0d (webtiles) character file.

Game seed: 866545631697154318

53 dobroeutro the Covered (level 3, -1/23 HPs)
             Began as a Gargoyle Fighter on Aug 11, 2020.
             Slain by a white imp (2 damage)
             ... summoned by Natasha
             ... on level 2 of the Dungeon.
             The game lasted 00:01:22 (847 turns).

dobroeutro the Covered (Gargoyle Fighter)            Turns: 847, Time: 00:01:23

Health: -1/23      AC: 10    Str: 20    XL:     3   Next: 89%
Magic:  3/3        EV:  7    Int:  8    God:
Gold:   32         SH:  9    Dex:  9    Spells: 2/2 levels left

rFire    . . .     SeeInvis .   a - +0 flail
rCold    . . .     Faith    .   c - +0 kite shield
rNeg     + . .     Spirit   .   b - +0 scale mail
rPois    ∞         Reflect  .   (no helmet)
rElec    +         Harm     .   (no cloak)
rCorr    +                      (no gloves)
MR       .....                  (no boots)
Stlth    ..........             (no amulet)
HPRegen  0.07/turn              m - ring of attention (curse)
MPRegen  0.08/turn              f - ring of resist corrosion

@: slowed, very slow
A: negative energy resistance 1, electricity resistance, unbreathing,
petrification resistance, rot immunity, AC +3
a: no special abilities


You were on level 2 of the Dungeon.
You visited 1 branch of the dungeon, and saw 2 of its levels.

You collected 32 gold pieces.

Inventory:

Hand Weapons
 a - a +0 flail (weapon)
Armour
 b - a +0 scale mail (worn)
 c - a +0 kite shield (worn)
Jewellery
 f - a ring of resist corrosion (right hand)
 m - a cursed ring of attention (left hand)
Scrolls
 e - a scroll of enchant armour
 i - 2 scrolls of fear
Potions
 d - a potion of might
 g - a potion of berserk rage {unknown}
 h - 2 potions of curing {unknown}


   Skills:
 + Level 3.6 Fighting
 + Level 2.9 Maces & Flails
 + Level 3.8 Armour
 + Level 0.2 Dodging
 + Level 3.6 Shields


You had 2 spell levels left.
You didn't know any spells.
Your spell library was empty.

Dungeon Overview and Level Annotations

Branches:
Dungeon (2/15)

Altars:

Annotations:
D:2 Natasha


Innate Abilities, Weirdness & Mutations

You are resistant to torment.
Your stone body is resilient. (AC +3)
You are immune to poison.
You resist negative energy. (rN+)
You are resistant to electric shocks. (rElec)
You can survive without breathing.
You are immune to petrification.
You are immune to rotting.


Message History

You block Natasha's attack.
You thump Natasha!
Natasha is almost dead.
The crimson imp hits you.
* * * LOW HITPOINT WARNING * * *
You block Natasha's attack.
The white imp hits you but does no damage.
The crimson imp hits you but does no damage.
You block the frilled lizard's attack.
Unknown command.
You closely miss Natasha.
Natasha is almost dead.
You block Natasha's attack.
The white imp hits you but does no damage.
The crimson imp hits you.
* * * LOW HITPOINT WARNING * * *
The frilled lizard bites you.
* * * LOW HITPOINT WARNING * * *
Natasha barely misses you. The white imp hits you.
You die...

........##
.......)..##
...........#
...........#
........(..###
..........<†..#
.........†....#
.......lh....# ..
.......5@)...#
...####..#.5.....##
#........#....5...#
#.........)........
##...!..#........#...
.................#...
#..........).....# ..
#...>.#...#.......
#......##.####.....


You could see Natasha, 2 crimson imps, a white imp (summoned) and a frilled
lizard.

Vanquished Creatures
  2 adders
  A dart slug (D:2)
  A leopard gecko (D:1)
  8 goblins
  3 hobgoblins
  6 kobolds
  4 bats
  2 frilled lizards (D:1)
  2 rats
29 creatures vanquished.

Notes
Turn   | Place    | Note
-------+----------+-------------------------------------------
     0 | D:1      | dobroeutro the Gargoyle Fighter began the quest for the
                  | Orb.
     0 | D:1      | Reached XP level 1. HP: 14/14 MP: 1/1
    92 | D:1      | Reached XP level 2. HP: 19/19 MP: 2/2
   625 | D:2      | Noticed Natasha
   666 | D:1      | Reached XP level 3. HP: 20/23 MP: 3/3
   847 | D:2      | HP: 1/23 [frilled lizard (2)]
   847 | D:2      | Slain by a white imp

Illustrated notes

Levels and vault maps discovered:
D:1:      minmay_arrival_radiant_lines, layout_loops_ring, serial_glass,
          glass_columns_b, glass_columns_c
D:2:      layout_rooms, uniq_sigmund, uniq_natasha

Action                   || total
-------------------------++-------
Melee: Flail             ||   122
  Use: Scroll            ||     4
Armor: Scale mail        ||    79
Dodge: Dodged            ||    49
Block: Kite shield       ||    84

Table legend: (Time is in decaauts)
 A = Elapsed time spent in this place.
 B = Non-inter-level travel time spent in this place.
 C = Inter-level travel time spent in this place.
 D = Time resting spent in this place.
 E = Time spent auto-exploring this place.
 F = Levels seen in this place.
 G = Mean time per level.
                   A        B        C        D        E       F      G
               +--------+--------+--------+--------+--------+-----+--------+
         Total |    896 |    871 |     25 |      0 |    589 |   2 |  448.0 |
       Dungeon |    896 |    871 |     25 |      0 |    589 |   2 |  448.0 |
               +--------+--------+--------+--------+--------+-----+--------+

Top non-repeatable levels by time:
     D:1: 690 daAuts
     D:2: 205 daAuts
